 Dungeon Crawl Stone Soup version 0.19-a0-29-g70b2158 (webtiles) character file.

56 Minkie the Skirmisher (level 3, -2/24 HPs)
             Began as a Gargoyle Fighter on May 2, 2016.
             Slain by Grinder (3 damage)
             ... while paralysed by Grinder
             ... on level 3 of the Dungeon.
             The game lasted 00:04:35 (1607 turns).

Minkie the Skirmisher (Gargoyle Fighter)            Turns: 1607, Time: 00:04:35

Health: -2/24      AC: 13    Str: 19    XL:     3   Next: 95%
Magic:  3/3        EV:  2    Int:  9    God:
Gold:   80         SH:  0    Dex:  9    Spells: 0 memorised, 2 levels left

rFire  . . .     SeeInvis .     a - +0 flail
rCold  . . .     Gourm    .     o - +0 chain mail
rNeg   + . .     Faith    .     c - +0 shield
rPois  ∞         Spirit   .     (no helmet)
rElec  +         Dismiss  .     (no cloak)
rCorr  .         Reflect  .     u - +0 pair of gloves
SustAt .         Harm     .     (no boots)
MR     .....                    b - amulet of magic regeneration
Stlth  ..........               (no ring)
                                (no ring)

@: paralysed, not resistant to hostile enchantments, extremely unstealthy
A: negative energy resistance 1, electricity resistance, unbreathing,
petrification resistance, rot immunity, AC +3
a: no special abilities


You were on level 3 of the Dungeon.
You were hungry.

You visited 1 branch of the dungeon, and saw 3 of its levels.

You collected 80 gold pieces.

Inventory:

Hand Weapons
 a - a +0 flail (weapon)
Missiles
 t - a tomahawk (quivered)
Armour
 c - a +0 shield (worn)
 o - a +0 chain mail (worn)
 u - a +0 pair of gloves (worn)
Jewellery
 b - an amulet of magic regeneration (around neck)
 q - a +5 ring of strength {unknown}
Scrolls
 e - a scroll of amnesia {unknown}
 h - a scroll of blinking {unknown}
 j - a scroll of remove curse {unknown}
 m - 7 scrolls of identify {unknown}
 p - a scroll of magic mapping {unknown}
 s - a scroll of enchant armour {unknown}
Potions
 d - a potion of might
 g - 3 potions of heal wounds {unknown}
 i - a potion of cure mutation {unknown}
 k - a potion of resistance {unknown}
 l - 2 potions of curing {unknown}
 v - a potion of berserk rage {unknown}
Comestibles
 f - 4 bread rations
 n - a beef jerky
 r - a meat ration


   Skills:
 + Level 3.8 Fighting
 * Level 2.9 Maces & Flails
 + Level 3.7 Armour
 + Level 3.7 Shields


You had 2 spell levels left.
You didn't know any spells.

Dungeon Overview and Level Annotations

Branches:
Dungeon (3/15)

Altars:
Dithmenos
Fedhas
Kikubaaqudgha

Annotations:
D:3 Grinder


Innate Abilities, Weirdness & Mutations

You are resistant to torment.
Your stone body is resilient (AC +3).
You are immune to poison.
You resist negative energy.
You are resistant to electric shocks.
You can survive without breathing.
You are immune to petrification.
You are immune to rotting.


Message History

Grinder says, "DUCK!"
Grinder hits you but does no damage. Grinder barely misses you.
Grinder says, "There's only one good use for a tongue: cutting it out."
Grinder hits you. Grinder hits you.
* * * LOW HITPOINT WARNING * * *
You can move again.
You closely miss Grinder.
Grinder is lightly wounded.
Grinder hits you but does no damage.
You hit Grinder.
Grinder is moderately wounded.
Grinder says, "Wait up."
Grinder gestures at you.
You suddenly lose the ability to move!
Grinder hits you but does no damage. Grinder hits you.
* * * LOW HITPOINT WARNING * * *
Grinder hits you.
You die...

.# #. .#
#.###.######
########.#.(......#
#........#.(...(...
#.............(....
#........#........#
#..........@5.....#
#......._)...(....#
#........§#########
#.......###
#.......# #.......#
#......#####
#.....##P.P#
####..P.._.#


You could see Grinder.

Vanquished Creatures
  2 dart slugs (D:2)
  3 giant geckos (D:1)
  A ball python (D:1)
  A giant cockroach (D:2)
  6 goblins
  6 hobgoblins
  4 jackals (D:1)
  A kobold (D:2)
  A quokka (D:2)
  3 bats
  2 giant newts (D:2)
  18 rats
48 creatures vanquished.

Notes
Turn   | Place    | Note
--------------------------------------------------------------
     0 | D:1      | Minkie the Gargoyle Fighter began the quest for the Orb.
     0 | D:1      | Reached XP level 1. HP: 14/14 MP: 1/1
    49 | D:1      | Reached XP level 2. HP: 19/19 MP: 2/2
   263 | D:1      | Reached XP level 3. HP: 21/23 MP: 3/3
  1566 | D:3      | Found a blossoming altar of Fedhas.
  1568 | D:3      | Found an ancient bone altar of Kikubaaqudgha.
  1572 | D:3      | Found a shadowy altar of Dithmenos.
  1577 | D:3      | Noticed Grinder
  1587 | D:3      | Paralysed by Grinder for 7 turns
  1597 | D:3      | Paralysed by Grinder for 7 turns
  1605 | D:3      | Paralysed by Grinder for 5 turns
  1606 | D:3      | HP: 1/24 [Grinder (4)]
  1607 | D:3      | Slain by Grinder

Vault maps used:
D:1:      erik_arrival_orb_chamber
D:3:      grunt_temple_overflow_growth_and_decay, grunt_dithmenos_smoke,
          minitemple, kennysheep_generic_room_13, uniq_grinder

Action                   || total
-------------------------++-------
Melee: Flail             ||   177
Throw: Tomahawk          ||     7
  Eat: Chunk             ||     2
Armor: Scale mail        ||    56
       Chain mail        ||    59
Dodge: Dodged            ||    60
Block: Shield            ||   116
